[Event "Team 45 45 League T87"]
[Site "Internet Chess Club"]
[Date "2021.02.02"]
[Round "4"]
[White "noblitz-oblige"]
[Black "clarinetref"]
[Result "1-0"]
[WhiteElo "1509"]
[BlackElo "1451"]
[Opening "Sicilian: dragon variation"]
[ECO "B70"]
[Time "09:02:06"]
[TimeControl "2700+45"]

1. e4 c5 2. Nf3 d6 3. d4 cxd4 4. Nxd4 Nf6 5. Nc3 g6 6. h3 Bg7 7. Be3 Nc6 8. Qd2
h6 9. Bc4 Nxd4 10. Bxd4 Qc7 11. Bb3 Bd7 12. O-O O-O 13. Qd3 a6 14. f4 e5 15. Be3
exf4 16. Bxf4 Qc5+ 17. Kh1 Ne8 18. Qg3 Kh7 19. Rad1 Be5 20. Bxe5 dxe5 21. Rxd7
Nd6 22. Rf6 Nc4 23. Qxg6+ {Black resigns} 1-0

[Event "Team 45 45 League T87"]
[Site "Internet Chess Club"]
[Date "2021.01.28"]
[Round "4"]
[White "harrington"]
[Black "OGO"]
[Result "1-0"]
[WhiteElo "1336"]
[BlackElo "1197"]
[Opening "Robatsch defense"]
[ECO "B06"]
[Time "21:30:15"]
[TimeControl "2700+45"]

1. e4 g6 2. d4 Bg7 3. Nc3 Nc6 4. Nf3 e6 5. Be3 Nf6 6. e5 Nd5 7. Nxd5 exd5 8. Bd3
O-O 9. O-O d6 10. exd6 Qxd6 11. c3 Bg4 12. h3 Be6 13. Re1 Rae8 14. Qd2 Nb8 15.
Re2 Nd7 16. Rae1 c6 17. Bf4 Qe7 18. Ng5 Qf6 19. Bd6 Bh6 20. h4 Qd8 21. Bxf8 Nxf8
22. Nxe6 fxe6 23. Qxh6 Qf6 24. Qg5 {Black resigns} 1-0

[Event "Team 45 45 League T87"]
[Site "Internet Chess Club"]
[Date "2021.01.30"]
[Round "4"]
[White "jungleboy"]
[Black "gregorgg"]
[Result "0-1"]
[WhiteElo "1137"]
[BlackElo "1373"]
[Opening "QGD: Charousek (Petrosian) variation"]
[ECO "D31"]
[Time "13:00:45"]
[TimeControl "2700+45"]

1. d4 d5 2. c4 e6 3. Nc3 Be7 4. cxd5 exd5 5. e4 dxe4 6. Nxe4 Bb4+ 7. Nc3 Nf6 8.
Qa4+ Nc6 9. Bb5 Bd7 10. Be3 a6 11. Bxc6 Bxc3+ 12. bxc3 Bxc6 13. Qd1 Bxg2 14. f3
Bxh1 15. h3 O-O 16. Qd2 Re8 17. O-O-O Qe7 18. Re1 Qa3+ 19. Kb1 Nd5 20. Re2 Nxc3+
21. Ka1 Nxe2 22. Qxe2 Qxe3 {White resigns} 0-1

[Event "Team 45 45 League T87"]
[Site "Internet Chess Club"]
[Date "2021.01.31"]
[Round "4"]
[White "woofgang"]
[Black "kingsrook"]
[Result "0-1"]
[WhiteElo "1187"]
[BlackElo "1150"]
[Opening "Queen's pawn game"]
[ECO "D02"]
[Time "14:00:36"]
[TimeControl "2700+45"]

1. d4 d5 2. Nf3 e6 3. g3 Nf6 4. Bg2 Be7 5. O-O O-O 6. b3 c5 7. c4 Nc6 8. Nc3
cxd4 9. Nxd4 Nxd4 10. Qxd4 Qb6 11. Be3 Qa5 12. h3 Bd7 13. Bd2 Bc5 14. Qd3 Bc6
15. Na4 Bb4 16. Bxb4 Qxb4 17. a3 Qd6 18. Nc3 Rfd8 19. cxd5 exd5 20. Qd4 Rd7 21.
a4 a6 22. e3 Rad8 23. f4 Re8 24. Rfe1 Ne4 25. Nxe4 dxe4 26. Qxd6 Rxd6 27. Rad1
Red8 28. Rxd6 Rxd6 29. Bf1 Rd2 30. Bc4 b5 31. axb5 axb5 32. Bf1 Rb2 33. Rd1 Kf8
34. Rc1 Be8 35. Bg2 f5 36. g4 g6 37. gxf5 gxf5 38. Bf1 Rxb3 39. Rc8 b4 40. Bc4
Rxe3 41. Kg2 b3 42. Rb8 Rc3 43. Bxb3 e3 44. Kf1 Ke7 45. Ke2 Bh5+ 46. Ke1 Rc1+
{White resigns} 0-1

[Event "Team 45 45 League T87"]
[Site "Internet Chess Club"]
[Date "2021.01.30"]
[Round "4"]
[White "smsxman"]
[Black "RoyalFizzbin"]
[Result "1/2-1/2"]
[WhiteElo "1317"]
[BlackElo "1259"]
[Opening "French defense"]
[ECO "C00"]
[Time "10:59:12"]
[TimeControl "2700+45"]

1. e4 e6 2. Nc3 d5 3. exd5 exd5 4. d4 c6 5. Nf3 Bd6 6. Be2 Ne7 7. Bg5 h6 8. Bxe7
Qxe7 9. O-O Bg4 10. Re1 O-O 11. a3 Qc7 12. Ne5 Bxe2 13. Rxe2 Bxe5 14. Rxe5 Nd7
15. Re1 Rae8 16. Ne2 Nf6 17. c3 Ne4 18. Qd3 Re7 19. Ng3 Rfe8 20. Nxe4 Rxe4 21.
Rxe4 Rxe4 22. f3 Re6 23. Rf1 Qe7 24. Qd1 Re2 25. Qc1 Qe3+ 26. Qxe3 Rxe3 27. Rb1
Re2 28. Kf1 Rc2 29. Kg1 f5 30. h3 Kf7 31. Kh2 g5 32. Kg1 Kg6 33. g4 Re2 34. a4
a5 35. b4 Ra2 {Game drawn by mutual agreement} 1/2-1/2

[Event "Team 45 45 League T87"]
[Site "Internet Chess Club"]
[Date "2021.01.30"]
[Round "4"]
[White "Conjurer"]
[Black "Tjet"]
[Result "0-1"]
[WhiteElo "1266"]
[BlackElo "1341"]
[Opening "Queen's pawn: London system"]
[ECO "A45"]
[Time "15:05:12"]
[TimeControl "2700+45"]

1. d4 Nf6 2. Bf4 e6 3. e3 c5 4. c3 cxd4 5. cxd4 b6 6. Nc3 Bb4 7. a3 Bxc3+ 8.
bxc3 O-O 9. Nf3 Bb7 10. Bd3 Nd5 11. Qc2 Nxf4 12. Bxh7+ Kh8 13. exf4 Bxf3 14.
gxf3 f5 15. Bg6 Qh4 16. O-O-O Qxf4+ 17. Kb2 Nc6 18. Qe2 Ne7 19. Bh5 g6 20. Qe5+
Qxe5 21. dxe5 gxh5 22. Rxd7 Rfe8 23. f4 Kh7 24. h4 Kh6 25. Rg1 a5 26. Rd6 Ng6
27. Rxb6 Rab8 28. Rxb8 Rxb8+ 29. Kc2 Nxf4 30. Kd2 Ng6 31. Ke3 Rb5 32. f4 Rb3 33.
Kd4 Rxa3 34. c4 Nxf4 35. Rg8 Rd3+ 36. Kc5 a4 37. Ra8 a3 38. Kb4 Ng6 39. Rxa3
Rxa3 40. Kxa3 Nxe5 41. Kb4 f4 42. c5 f3 {White resigns} 0-1

[Event "Team 45 45 League T87"]
[Site "Internet Chess Club"]
[Date "2021.01.29"]
[Round "4"]
[White "xingon"]
[Black "howah45"]
[Result "1-0"]
[WhiteElo "1408"]
[BlackElo "1135"]
[Opening "Queen's pawn game, Chigorin variation"]
[ECO "D02"]
[Time "14:11:56"]
[TimeControl "2700+45"]

1. d4 d5 2. Nf3 Nc6 3. Bf4 Nf6 4. e3 Bf5 5. Bd3 Bg6 6. Bxg6 hxg6 7. Nc3 e6 8.
Qd2 Bd6 9. Bg3 Bxg3 10. fxg3 Ne4 11. Nxe4 dxe4 12. Ng5 Qd5 13. h4 f6 14. Nh3 e5
15. O-O-O O-O-O 16. Nf2 exd4 17. exd4 Rhe8 18. Rhe1 Nxd4 19. Qe3 Qc5 20. c3 Nb3+
21. axb3 Rxd1+ 22. Nxd1 Qxe3+ 23. Rxe3 f5 24. Nf2 {Black resigns} 1-0

[Event "Team 45 45 League T87"]
[Site "Internet Chess Club"]
[Date "2021.01.29"]
[Round "4"]
[White "cayo89"]
[Black "ChessJayden"]
[Result "1-0"]
[WhiteElo "1539"]
[BlackElo "1660"]
[Opening "Queen's pawn game"]
[ECO "D00"]
[Time "20:30:39"]
[TimeControl "2700+45"]

1. d4 Nf6 2. Nc3 d5 3. Bf4 Bf5 4. f3 c6 5. g4 Bg6 6. h4 h6 7. e3 e6 8. Bd3 Bxd3
9. Qxd3 Bd6 10. Nge2 Bxf4 11. Nxf4 Nbd7 12. O-O-O Qc7 13. g5 hxg5 14. hxg5 Rxh1
15. Rxh1 Ng8 16. Rh8 O-O-O 17. Qh7 Ne7 18. Rxd8+ Qxd8 19. Qxg7 Qf8 20. Qxf8+
Nxf8 21. e4 Kd7 22. Kd2 Nh7 23. Nh3 Kd6 24. f4 c5 25. dxc5+ Kxc5 26. Kd3 a6 27.
exd5 exd5 28. Ne2 Nf5 29. c3 Nf8 30. Nf2 Ne6 31. Ng4 Kd6 32. b4 b5 33. Nh6 Neg7
34. Nxf7+ Ke7 35. Ne5 Kd6 36. Nd4 Kc7 37. Nxf5 Nxf5 38. Nf7 Kb6 39. Nh6 Ng7 40.
f5 a5 41. a3 axb4 42. axb4 Kc6 43. f6 Ne6 44. Nf7 Kd7 45. Ke3 Ke8 46. g6 Kf8 47.
Nd6 Nc7 48. g7+ Kg8 49. Kd4 Kh7 50. Kc5 Kg8 51. Kc6 Ne6 52. Kxb5 Ng5 53. Nf5
{Black resigns} 1-0

[Event "Team 45 45 League T87"]
[Site "Internet Chess Club"]
[Date "2021.01.29"]
[Round "4"]
[White "handsomematch"]
[Black "liujf"]
[Result "1-0"]
[WhiteElo "1341"]
[BlackElo "1571"]
[Opening "Ruy Lopez: closed, Breyer, Borisenko variation"]
[ECO "C95"]
[Time "18:30:51"]
[TimeControl "2700+45"]

1. e4 e5 2. Nf3 Nc6 3. Bb5 a6 4. Ba4 Nf6 5. O-O Be7 6. Re1 b5 7. Bb3 d6 8. c3
O-O 9. h3 Nb8 10. d4 Nbd7 11. Nbd2 Bb7 12. Bc2 Re8 13. Nf1 Bf8 14. Ng3 g6 15.
Bg5 h6 16. Bc1 c5 17. d5 c4 18. Be3 Nc5 19. Qd2 Kh7 20. Bxc5 dxc5 21. b3 cxb3
22. axb3 Qd6 23. Ra2 Rac8 24. Rb1 c4 25. bxc4 Rxc4 26. Bd3 Rc7 27. c4 bxc4 28.
Bxc4 Rxc4 29. Rxb7 Re7 30. Rxe7 Bxe7 31. Qd3 Rc6 32. Nd2 Rc1+ 33. Kh2 Rd1 34.
Qe2 Rc1 35. Qxa6 Qb4 36. Qa5 h5 37. Qxb4 Bxb4 38. Nf3 Bc3 39. Ne2 Ra1 40. Nxc3
{Black resigns} 1-0

[Event "Team 45 45 League T87"]
[Site "Internet Chess Club"]
[Date "2021.01.31"]
[Round "4"]
[White "vhuffst"]
[Black "aec7r3b"]
[Result "1-0"]
[WhiteElo "1292"]
[BlackElo "1288"]
[Opening "Queen's pawn: London system"]
[ECO "A45"]
[Time "13:00:31"]
[TimeControl "2700+45"]

1. d4 Nf6 2. Bf4 g6 3. e3 Bg7 4. Nf3 O-O 5. Be2 d5 6. c3 c5 7. O-O Nc6 8. Nbd2
Nh5 9. Bg5 Qb6 10. Qc2 cxd4 11. Nxd4 Nxd4 12. cxd4 e5 13. Bxh5 gxh5 14. dxe5
Bxe5 15. Nf3 Qxb2 16. Qc5 Be6 17. Rab1 Qc3 18. Qe7 Rab8 19. Rfc1 Rfe8 20. Rxc3
Rxe7 21. Nxe5 Ree8 22. Bf6 Bf5 23. Rbc1 Red8 24. Bxd8 Rxd8 25. f4 f6 26. Nd3 Re8
27. Nc5 b6 28. Nb7 Rb8 29. Nd6 Rd8 30. Nxf5 Kf7 31. Nh6+ Kg7 32. Nf5+ Kf7 33.
Rc7+ Ke6 34. Ng3 h4 35. Nh5 Kf5 36. Ng7+ Kg6 37. Ne6 Kf5 38. Nxd8 Ke4 39. Kf2
Kd3 40. R7c3+ Kd2 41. Kf3 f5 42. Nf7 h5 43. Ne5 a5 44. Nc4+ dxc4 45. Rxc4 Kd3
46. Rd4# {Black checkmated} 1-0

[Event "Team 45 45 League T87"]
[Site "Internet Chess Club"]
[Date "2021.01.31"]
[Round "4"]
[White "eevee11"]
[Black "mongmong"]
[Result "0-1"]
[WhiteElo "966"]
[BlackElo "1392"]
[Opening "French: Tarrasch"]
[ECO "C03"]
[Time "18:00:23"]
[TimeControl "2700+45"]

1. e4 e6 2. d4 d5 3. Nd2 h6 4. Ngf3 Nf6 5. e5 Nfd7 6. Bd3 c5 7. c3 Nc6 8. O-O
Be7 9. Re1 O-O 10. Nf1 f5 11. exf6 Nxf6 12. Qc2 Bd7 13. Qd1 cxd4 14. cxd4 Nh7
15. Bb1 Ng5 16. Nxg5 Bxg5 17. Qd3 Qf6 18. Bxg5 hxg5 19. h3 Nxd4 20. Qh7+ Kf7 21.
Qh5+ Ke7 22. f3 Rh8 23. Qg4 Qf4 24. Ne3 Kd6 25. Bd3 e5 26. Qxf4 gxf4 27. Nc2
Nxc2 28. Bxc2 Rac8 29. Bb3 Rc5 30. Rac1 Rhc8 31. Rxc5 Rxc5 32. Re2 Bb5 33. Rc2
Rxc2 34. Bxc2 g5 35. Kf2 Ke6 36. Ke1 a5 37. Kd2 Bc6 38. Kc3 b5 39. a3 Kd6 40. b3
Kc5 41. b4+ axb4+ 42. axb4+ Kd6 43. Kd3 Ke6 44. Kc3 Kf6 45. Kb3 Kg7 46. Kc3 Kh6
47. Kd2 Kh5 48. Ke2 Kh4 49. Kf2 e4 50. fxe4 dxe4 51. Bd1 e3+ 52. Kg1 Kg3 53. Be2
Bd7 54. Kf1 Be8 55. Kg1 Bc6 56. Bf1 g4 57. hxg4 Kxg4 58. Kh2 Bd7 59. Be2+ Kg5
60. Bf1 Kf5 61. Be2 Ke4 62. g3 f3 63. Bf1 e2 64. Bxe2 fxe2 65. Kg2 e1=Q 66. Kh2
Qe2+ 67. Kg1 Kf3 68. Kh1 Qg2# {White checkmated} 0-1

[Event "Team 45 45 League T87"]
[Site "Internet Chess Club"]
[Date "2021.02.01"]
[Round "4"]
[White "ILRE"]
[Black "rookmaster23"]
[Result "1-0"]
[WhiteElo "1649"]
[BlackElo "1693"]
[Opening "King's Indian: London system"]
[ECO "A45"]
[Time "18:06:14"]
[TimeControl "2700+45"]

1. d4 Nf6 2. Bf4 g6 3. Nf3 Bg7 4. e3 O-O 5. Nbd2 c5 6. c3 d6 7. h3 Nc6 8. Bd3
Re8 9. Bc2 e5 10. dxe5 dxe5 11. Bg5 b6 12. O-O Ba6 13. Re1 Bd3 14. Bxd3 Qxd3 15.
Qa4 b5 16. Qa6 Re6 17. Nf1 Nd4 18. Qb7 Nxf3+ 19. Qxf3 Ne4 20. Red1 Qc4 21. b3
Qxc3 22. Qxe4 Rc8 23. Qb7 Ree8 24. Rab1 Qb4 25. Rd7 Rb8 26. Qd5 Rf8 27. Rd1 Kh8
28. Be7 Rfe8 29. Qxf7 {Black resigns} 1-0

[Event "Team 45 45 League T87"]
[Site "Internet Chess Club"]
[Date "2021.01.29"]
[Round "4"]
[White "tryanything"]
[Black "Constrictor"]
[Result "1-0"]
[WhiteElo "1546"]
[BlackElo "1541"]
[Opening "Caro-Kann: two knights, 3...Bg4"]
[ECO "B10"]
[Time "17:56:38"]
[TimeControl "2700+45"]

1. e4 c6 2. Nf3 d5 3. Nc3 Bg4 4. h3 Bxf3 5. Qxf3 Nf6 6. e5 Nfd7 7. d4 e6 8. Be3
c5 9. Be2 Nc6 10. Rd1 cxd4 11. Bxd4 Ndxe5 12. Bxe5 Nxe5 13. Qg3 Nc6 14. O-O a6
15. Rfe1 Qd6 16. Qg4 Ne5 17. Qa4+ Qc6 18. Bb5 {Black resigns} 1-0

[Event "Team 45 45 League T87"]
[Site "Internet Chess Club"]
[Date "2021.01.30"]
[Round "4"]
[White "Gojira"]
[Black "Electryon"]
[Result "0-1"]
[WhiteElo "1500"]
[BlackElo "1400"]
[Opening "Queen's pawn: Chigorin variation"]
[ECO "D00"]
[Time "13:02:18"]
[TimeControl "2700+45"]

1. d4 d5 2. Nc3 Nf6 3. Bf4 e6 4. e3 Bb4 5. Bd3 c5 6. dxc5 Nbd7 7. a3 Bxc3+ 8.
bxc3 Nxc5 9. Nf3 O-O 10. O-O b6 11. Qe2 Bb7 12. Rfd1 Qe7 13. Nd2 Rac8 14. c4 e5
15. Bf5 Rc7 16. Bg3 Nce4 17. Nxe4 Nxe4 18. Qd3 Nxg3 19. hxg3 dxc4 20. Qe2 g6 21.
Bh3 Rd8 22. Rxd8+ Qxd8 23. Rd1 Qe7 24. Qd2 Kg7 25. Qc3 Bc8 26. Bxc8 Rxc8 27. Rd5
Rc5 28. Qb4 Qe6 29. Rxc5 bxc5 30. Qxc5 a6 31. a4 Kf6 32. a5 h6 33. Kf1 h5 34.
Ke1 g5 35. Kd2 h4 36. gxh4 gxh4 37. Qb6 Ke7 38. Qc7+ Kf6 39. Kc3 Qd5 40. Qxc4
Qxa5+ 41. Kb3 Qb6+ 42. Ka4 Kg5 43. Qe4 Qb5+ 44. Ka3 f5 45. f4+ Kf6 46. fxe5+
Qxe5 47. Qxh4+ Ke6 48. Qc4+ Ke7 49. Qxa6 Qa1+ {White resigns} 0-1

[Event "Team 45 45 League T87"]
[Site "Internet Chess Club"]
[Date "2021.01.31"]
[Round "4"]
[White "cap78red"]
[Black "dabodhi"]
[Result "0-1"]
[WhiteElo "1381"]
[BlackElo "1449"]
[Opening "English: three knights system"]
[ECO "A27"]
[Time "15:04:30"]
[TimeControl "2700+45"]

1. c4 e5 2. Nc3 Nc6 3. Nf3 Bb4 4. g3 Nf6 5. Nd5 Bc5 6. b4 Nxb4 7. Nxb4 Bxb4 8.
Nxe5 O-O 9. Bg2 Re8 10. Nf3 d5 11. cxd5 Qxd5 12. O-O Bg4 13. d4 Rad8 14. Bb2 Qb5
15. h3 Rxe2 16. Qb3 Be6 17. d5 Bxd5 18. Nd4 Bxb3 19. Nxb5 Rxb2 20. axb3 Bc5 21.
Rac1 Bb6 22. Nxc7 g6 23. Bxb7 Rd7 24. Na8 Rxb7 25. Nxb6 Rxb6 26. Rc8+ Kg7 27.
Ra8 R6xb3 28. Rxa7 Ne4 29. Re7 Re2 30. f3 Rbb2 31. Rc1 Rg2+ 32. Kh1 Nxg3# {White
checkmated} 0-1

[Event "Team 45 45 League T87"]
[Site "Internet Chess Club"]
[Date "2021.01.28"]
[Round "4"]
[White "Validus"]
[Black "mongmong"]
[Result "1-0"]
[WhiteElo "1424"]
[BlackElo "1389"]
[Opening "Queen's pawn"]
[ECO "A40"]
[Time "18:09:24"]
[TimeControl "2700+45"]

1. d4 e6 2. Bf4 Nf6 3. e3 c5 4. c3 Be7 5. Nd2 O-O 6. Bd3 b6 7. Ngf3 Bb7 8. Qc2
d5 9. O-O Nc6 10. Rfe1 Rc8 11. Ne5 cxd4 12. Nxc6 Rxc6 13. exd4 h6 14. Nf3 a6 15.
Ne5 Rc8 16. Qe2 b5 17. Ng4 Nxg4 18. Qxg4 Bg5 19. Bxg5 Qxg5 20. Qxg5 hxg5 21. Re5
g4 22. Rg5 f5 23. f3 gxf3 24. gxf3 Kf7 25. Re1 Kf6 26. Rg3 Rh8 27. Re2 Rh6 28.
Reg2 g6 29. f4 Rch8 30. a3 Bc6 31. b4 Rg8 32. h3 Rh4 33. Rf3 Be8 34. Bf1 Bf7 35.
Kf2 Rc8 36. Rgg3 Rh5 37. Re3 Rh4 38. Ref3 Rg8 39. Ke3 g5 40. fxg5+ Rxg5 41. Rxg5
Kxg5 42. Rg3+ Kf6 43. Rf3 Bh5 44. Rf4 Kg5 45. Rxh4 Kxh4 46. Kf4 Bf7 47. Bg2 Bg8
48. Bf1 Bf7 49. Ke5 Kg5 50. Kd6 Kf4 51. Kc6 Bh5 52. Kb6 Ke3 53. Kxa6 Kf2 54.
Bxb5 Be2 55. a4 Ke3 56. Kb6 f4 57. Bxe2 Kxe2 58. a5 f3 59. a6 f2 60. a7 f1=Q 61.
a8=Q Qxh3 62. Qc6 Kd3 63. b5 Qe3 64. Kb7 Qe4 65. b6 e5 66. Kb8 exd4 67. cxd4
Qxd4 68. b7 Qh8+ 69. Ka7 Qg7 70. Qxd5+ Ke2 71. Qe4+ Kf2 72. Qc2+ Ke1 73. Qb1+
Ke2 74. Ka8 {Black resigns} 1-0

[Event "Team 45 45 League T87"]
[Site "Internet Chess Club"]
[Date "2021.01.30"]
[Round "4"]
[White "g8wrb"]
[Black "bardu"]
[Result "1-0"]
[WhiteElo "1334"]
[BlackElo "1348"]
[Opening "Nimzovich-Larsen attack: classical variation"]
[ECO "A01"]
[Time "16:21:13"]
[TimeControl "2700+45"]

1. b3 d5 2. Bb2 c5 3. e3 Nc6 4. Bb5 Bd7 5. Nf3 Nf6 6. d3 a6 7. Bxc6 Bxc6 8. O-O
e6 9. Nbd2 Bd6 10. Ne5 O-O 11. f4 Qc7 12. Qf3 Nd7 13. Qg3 Bxe5 14. fxe5 b5 15.
d4 c4 16. Ba3 Rfc8 17. Rf2 cxb3 18. cxb3 Nf8 19. Rc1 Qa5 20. Rcf1 Qxa3 21. Rxf7
Ng6 22. h4 Rf8 23. Qf2 Rxf7 24. Qxf7+ Kh8 25. Qxe6 Bb7 26. h5 Qe7 27. Qg4 Nf8
28. h6 g6 29. Nf3 Bc8 30. Qf4 Bf5 31. Nh4 Ne6 32. Nxf5 gxf5 33. Qg3 Qg5 34. Qxg5
Nxg5 35. Rxf5 Ne4 36. e6 Kg8 37. Rxd5 Nf6 38. Rg5+ Kf8 39. Rg7 Re8 40. d5 Nxd5
41. Rxh7 Rxe6 42. Rh8+ Ke7 43. h7 Nf6 44. Re8+ {Black resigns} 1-0

[Event "Team 45 45 League T87"]
[Site "Internet Chess Club"]
[Date "2021.01.30"]
[Round "4"]
[White "arconia"]
[Black "SeniorCitizen"]
[Result "0-1"]
[WhiteElo "1243"]
[BlackElo "1241"]
[Opening "French defense"]
[ECO "C00"]
[Time "12:01:26"]
[TimeControl "2700+45"]

1. e4 e6 2. Nf3 d5 3. e5 c5 4. Be2 Nc6 5. O-O Qc7 6. Bb5 Bd7 7. Bxc6 Bxc6 8. d4
cxd4 9. Qxd4 Ne7 10. Nh4 Ng6 11. Nxg6 hxg6 12. Nd2 Bb5 13. Re1 Qxc2 14. b3 Bc5
15. Qf4 Qf5 16. Qg3 Bd4 17. a4 Bxa1 18. axb5 Bd4 19. Ba3 Rc8 20. Nf3 Bb6 21. Nh4
Qc2 22. Rc1 {White resigns} 0-1

[Event "Team 45 45 League T87"]
[Site "Internet Chess Club"]
[Date "2021.01.30"]
[Round "4"]
[White "nosir"]
[Black "Kidpython"]
[Result "1-0"]
[WhiteElo "1416"]
[BlackElo "1167"]
[Opening "Dutch"]
[ECO "A80"]
[Time "10:00:32"]
[TimeControl "2700+45"]

1. d4 f5 2. Nf3 e6 3. b3 Nf6 4. Bb2 b6 5. g3 Bd6 6. Bg2 Bb7 7. e3 O-O 8. O-O Nc6
9. Ne5 Qe8 10. Nd2 Nd5 11. a3 Nxe5 12. dxe5 Be7 13. c4 Ba6 14. cxd5 Bxf1 15.
Qxf1 c6 16. d6 Bd8 17. Qa6 b5 18. Qb7 Bb6 19. Bd4 Bxd4 20. exd4 Qf7 21. Qa6 f4
22. Rf1 Rfb8 23. Qa5 Rb7 24. Qc3 Rab8 25. b4 a6 26. Ne4 Ra7 27. Nc5 Rba8 28. Qf3
fxg3 29. Qxf7+ Kxf7 30. fxg3+ Kg8 31. Bh3 Rf8 32. Nxd7 Rxf1+ 33. Kxf1 Rxd7 34.
Bxe6+ Rf7+ 35. Bxf7+ Kxf7 36. Ke2 Ke6 37. Ke3 g5 38. h4 h6 39. Kf3 gxh4 40. gxh4
h5 41. Kf4 Kf7 42. Kg5 Kg7 43. d7 Kh8 44. d8=Q+ Kh7 45. Kf6 Kh6 46. Qh8# {Black
checkmated} 1-0

[Event "Team 45 45 League T87"]
[Site "Internet Chess Club"]
[Date "2021.01.30"]
[Round "4"]
[White "kabindra"]
[Black "Gojira"]
[Result "0-1"]
[WhiteElo "1599"]
[BlackElo "1521"]
[Opening "Sicilian: closed"]
[ECO "B23"]
[Time "17:01:36"]
[TimeControl "2700+45"]

1. e4 c5 2. Nc3 g6 3. d4 cxd4 4. Qxd4 Nf6 5. Bb5 a6 6. Ba4 b5 7. Bb3 Nc6 8. Qd1
Bg7 9. f4 d6 10. Nf3 b4 11. e5 bxc3 12. exf6 Bxf6 13. Rb1 cxb2 14. Bxb2 Qa5+ 15.
Nd2 Bxb2 16. Rxb2 Nd4 17. O-O Nxb3 18. Rxb3 O-O 19. Re1 Be6 20. Rb7 Rfe8 21. Nb3
Bxb3 22. axb3 Qc5+ 23. Kh1 e6 24. b4 Qc6 25. Qf3 d5 26. h4 Qxb7 27. h5 Qxb4 28.
Qg3 Rac8 29. h6 Rc3 30. Qg5 Rh3+ 31. gxh3 Qxe1+ 32. Kh2 Qd2+ 33. Kg3 Qd4 34. h4
Qg1+ {White resigns} 0-1

[Event "Team 45 45 League T87"]
[Site "Internet Chess Club"]
[Date "2021.01.29"]
[Round "4"]
[White "rkjulianjr"]
[Black "goldeen7"]
[Result "1/2-1/2"]
[WhiteElo "1363"]
[BlackElo "1315"]
[Opening "King's Indian: Sämisch, orthodox, 7.Nge2 c6"]
[ECO "E86"]
[Time "14:04:51"]
[TimeControl "2700+45"]

1. d4 Nf6 2. c4 g6 3. f3 Bg7 4. e4 d6 5. Nc3 O-O 6. Be3 e5 7. Nge2 c6 8. dxe5
dxe5 9. Qxd8 Rxd8 10. Rd1 Rxd1+ 11. Nxd1 Be6 12. Nec3 Nbd7 13. Be2 Nb6 14. b3
Nh5 15. Nf2 Nf4 16. O-O Nxe2+ 17. Nxe2 Rd8 18. Rd1 Rxd1+ 19. Nxd1 f5 20. Nf2 Nc8
21. Nc3 b6 22. Nd3 Nd6 23. c5 fxe4 24. fxe4 Nc8 25. cxb6 axb6 26. Na4 c5 27.
Nab2 Bd7 28. Nc4 Bb5 29. Ndxe5 Bxe5 30. Nxe5 Nd6 31. a4 Be8 32. Bf4 Nxe4 33. Nc4
b5 34. axb5 Bxb5 35. Nd6 Nxd6 36. Bxd6 c4 37. b4 c3 38. Bf4 Kf7 39. Kf2 Ke6 40.
Bc1 Kd5 41. Ke1 Kc4 42. Bf4 Kxb4 43. Kd1 Bd3 44. Kc1 Kc4 45. h4 h5 46. g3 Kd5
47. Bg5 Ke4 48. Bf6 c2 49. Bg5 Kf3 50. Bf4 Kg4 51. Kd2 Bf5 52. Kc1 Be4 53. Kd2
Kf3 54. Kc1 Ke2 55. Bg5 Kf3 56. Bf4 Ke2 57. Bg5 Kf3 58. Bf4 Bf5 59. Kd2 Be4 60.
Kc1 {Game drawn by repetition} 1/2-1/2

[Event "Team 45 45 League T87"]
[Site "Internet Chess Club"]
[Date "2021.01.30"]
[Round "4"]
[White "olivermx"]
[Black "CMAlge"]
[Result "1-0"]
[WhiteElo "1310"]
[BlackElo "1224"]
[Opening "Ruy Lopez: Berlin defense, Mortimer variation"]
[ECO "C65"]
[Time "12:33:10"]
[TimeControl "2700+45"]

1. e4 e5 2. Nf3 Nc6 3. Bb5 Nf6 4. d3 Ne7 5. O-O c6 6. Ba4 Ng6 7. Re1 Be7 8. Nbd2
O-O 9. h3 d6 10. Nf1 Be6 11. Bd2 Qd7 12. Ng5 b5 13. Nxe6 fxe6 14. Bb3 a5 15. a4
b4 16. c3 c5 17. Bc4 d5 18. exd5 exd5 19. Bb5 Qd6 20. c4 d4 21. b3 Qe6 22. Qf3
Nh4 23. Qe2 Bd6 24. Ng3 Rf7 25. Bg5 Nf5 26. Nxf5 Qxf5 27. Bxf6 Rxf6 28. Rf1 Qf4
29. Bc6 e4 30. g3 Rg6 31. Bxe4 Rxg3+ 32. fxg3 Qxg3+ 33. Qg2 Qe3+ 34. Kh1 Rf8 35.
Rxf8+ Kxf8 36. Rf1+ Kg8 37. Qf3 Qd2 38. Qf7+ Kh8 39. Qe8+ Bf8 40. Qxf8# {Black
checkmated} 1-0

[Event "Team 45 45 League T87"]
[Site "Internet Chess Club"]
[Date "2021.01.30"]
[Round "4"]
[White "seldredg"]
[Black "kabubi"]
[Result "0-1"]
[WhiteElo "1295"]
[BlackElo "1142"]
[Opening "Queen's pawn: London system"]
[ECO "A45"]
[Time "13:00:33"]
[TimeControl "2700+45"]

1. d4 Nf6 2. Bf4 g6 3. Nc3 Bg7 4. e3 O-O 5. Be2 d5 6. Nf3 Nc6 7. Nb5 Ne8 8. Qd2
a6 9. Nc3 f6 10. O-O-O Bg4 11. h4 h5 12. Qd3 Nb4 13. Qd2 Bf5 14. e4 dxe4 15.
Bc4+ e6 16. Ne1 Nd6 17. Bb3 a5 18. a3 Nc6 19. f3 exf3 20. gxf3 b5 21. Ng2 Nc4
22. Qe2 Nxd4 23. Qf2 e5 24. Be3 Nxb3+ 25. cxb3 Nd6 26. Nxb5 Rb8 27. a4 Be6 28.
Rd3 e4 29. fxe4 Qe7 30. Nxd6 cxd6 31. Nf4 Rfc8+ 32. Kb1 Bxb3 33. Nxg6 Qxe4 34.
Ne7+ Qxe7 35. Qf3 Bxa4 36. Qd5+ Kf8 37. Qxa5 Qb7 38. Rh2 f5 39. Qxf5+ Qf7 40.
Rf2 Rxb2+ 41. Ka1 Rc1+ 42. Bxc1 Rxf2+ 43. Rc3 Qxf5 44. Bb2 Bxc3 45. Bxc3 Qc2 46.
Bg7+ Ke8 47. Bh8 Qa2# {White checkmated} 0-1

[Event "Team 45 45 League T87"]
[Site "Internet Chess Club"]
[Date "2021.01.31"]
[Round "4"]
[White "Packerfan"]
[Black "Goli"]
[Result "1/2-1/2"]
[WhiteElo "1805"]
[BlackElo "1786"]
[Opening "English opening"]
[ECO "A16"]
[Time "16:00:22"]
[TimeControl "2700+45"]

1. c4 Nf6 2. Nc3 g6 3. g3 Bg7 4. Bg2 O-O 5. d4 d6 6. e4 c6 7. Nge2 e5 8. O-O
Nbd7 9. b3 a5 10. Bb2 exd4 11. Nxd4 Nc5 12. Re1 Re8 13. f3 Qb6 14. Kh1 a4 15.
Nce2 axb3 16. Nxb3 Nxb3 17. Qxb3 Qxb3 18. axb3 Rxa1 19. Rxa1 Nxe4 20. Bxg7 Nf2+
21. Kg1 Rxe2 22. Ra8 Kxg7 23. Rxc8 Nd3 24. Rc7 b5 25. Rxc6 bxc4 26. bxc4 Rc2 27.
f4 Nb4 {Game drawn by mutual agreement} 1/2-1/2

[Event "Team 45 45 League T87"]
[Site "Internet Chess Club"]
[Date "2021.01.29"]
[Round "4"]
[White "ascoli"]
[Black "cadmiumorange"]
[Result "0-1"]
[WhiteElo "1721"]
[BlackElo "1848"]
[Opening "Scandinavian (center counter) defense"]
[ECO "B01"]
[Time "12:00:18"]
[TimeControl "2700+45"]

1. e4 d5 2. Nc3 d4 3. Nce2 e5 4. Nf3 Nc6 5. g3 Bg4 6. Bg2 Qd7 7. d3 O-O-O 8. h3
Bh5 9. g4 Bg6 10. h4 h5 11. g5 Kb8 12. Bh3 Qd6 13. Ng3 Qb4+ 14. Qd2 f6 15. Qxb4
Nxb4 16. Kd1 Be7 17. a3 Nc6 18. b4 fxg5 19. Nxg5 Bxg5 20. Bxg5 Rf8 21. Ke2 Nh6
22. b5 Nd8 23. f3 Nhf7 24. Be7 Re8 25. Bxd8 Nxd8 26. Nf5 Ne6 27. Rag1 Nf4+ 28.
Kd2 Rhg8 29. a4 Bxf5 30. Bxf5 g6 31. Bh3 Rgf8 32. Rg3 Re7 33. Rf1 Ref7 34. Bg2
c6 35. bxc6 bxc6 36. Rb1+ Rb7 37. Rxb7+ Kxb7 38. Bh3 Rf7 39. Bf1 Kb6 40. c3 c5
41. cxd4 cxd4 42. Be2 Ka5 43. Bd1 Kb4 44. Rg5 Re7 45. Bc2 a5 46. Rg1 Kc5 47. Rb1
Ng2 48. Rb5+ Kc6 49. Rxa5 Nxh4 50. Bd1 Kb6 51. Rb5+ Ka6 52. Rd5 Re6 53. Ke2 Ng2
54. Rb5 h4 55. Kf2 Nf4 56. Kg1 Rb6 57. Rxb6+ Kxb6 58. Bc2 Ka5 59. Kf2 Ne6 60.
Kg2 Nc5 61. Kh3 g5 62. Kg4 Nxa4 63. f4 gxf4 64. Bd1 Nc5 65. Be2 Kb4 66. Kf5 h3
67. Kxe5 Nxd3+ 68. Kxd4 Ne1 69. e5 h2 70. e6 h1=Q 71. e7 Qh8+ 72. Kd5 f3 73. Bf1
Ng2 74. Kd6 Ne3 75. Bh3 Nc4+ 76. Kc7 Qe5+ 77. Kd8 Nd6 78. Kd7 Kc5 {White
resigns} 0-1